 Dungeon Crawl Stone Soup version 0.16.2-2-g470672f (webtiles) character file.

67 monobi the Ducker (level 4, 0/21 HPs)
             Began as a Felid Monk on Sept 4, 2015.
             Slain by an orc wizard
             ... wielding a +0 dagger
              (5 damage)
             ... on level 3 of the Dungeon.
             The game lasted 00:03:35 (1856 turns).

monobi the Ducker (Felid Monk)                      Turns: 1856, Time: 00:03:35

Health: 0/21       AC:  1    Str:  7    XL:     4   Next: 0%
Magic:  7/7        EV: 20    Int: 11    God:
Gold:   99         SH:  0    Dex: 19    Spells: 0 memorised, 3 levels left
                                        Lives:  0   Deaths: 1

rFire  . . .     SeeInvis +       - Unarmed
rCold  . . .     Clarity  .     (armour unavailable)
rNeg   . . .     SustAb   .     (shield unavailable)
rPois  .         Gourm    .     (helmet unavailable)
rElec  .         Spirit   .     (cloak unavailable)
rCorr  .         Warding  .     (gloves unavailable)
rMut   .         Stasis   .     (boots unavailable)
MR     .....                    (no amulet)
Stlth  +++.......               (no ring)
                                (no ring)

@: drained, quick, not resistant to hostile enchantments, fairly stealthy
A: paw claws, no armour, no weapons or thrown items, fangs 3, see invisible,
carnivore 3, speed 1, shaggy fur 1, slow metabolism 1, sharp paws
a: no special abilities


You were on level 3 of the Dungeon.
You were not hungry.

You visited 1 branch of the dungeon, and saw 3 of its levels.

You collected 99 gold pieces.

Inventory:

Jewellery
 f - an uncursed ring of protection from magic
Magical devices
 j - a wand of hasting (1)
Scrolls
 a - 5 scrolls of identify
 d - a scroll of enchant weapon
 i - a scroll of amnesia
 m - a scroll of recharging {unknown}
Comestibles
 b - 2 meat rations
 c - a slice of pizza


   Skills:
 + Level 3.4(2.6) Fighting
 + Level 5.0(4.2) Dodging
 * Level 4.2(3.4) Stealth
 * Level 4.9(4.0) Unarmed Combat


You had 3 spell levels left.
You didn't know any spells.

Dungeon Overview and Level Annotations

Branches:
Dungeon (3/15)

Altars:
Nemelex Xobeh
Yredelemnul
Zin

Annotations:
D:3 Grinder


Innate Abilities, Weirdness & Mutations

You cannot wear armour.
You are incapable of wielding weapons or throwing items.
You have razor-sharp teeth.
You have supernaturally acute eyesight.
You are carnivorous and can eat meat at any time.
You cover ground quickly.
You are covered in fur (AC +1).
You have a slow metabolism.
Your paws have sharp claws that are effective at stabbing.


Message History

You closely miss the orc. Your bite misses the orc.
The orc is almost dead.
The orc wizard becomes somewhat translucent.
You scratch the orc.
You kill the orc!
The bat misses you.
You scratch the bat.
You kill the bat!
Welcome back to level 4!
You barely miss the orc wizard. The orc wizard closely misses you.
You scratch the orc wizard but do no damage.
The orc wizard hits you with a dagger.
* * * LOW HITPOINT WARNING * * *
The orc wizard hits you with a dagger.
* * * LOW HITPOINT WARNING * * *
You scratch the orc wizard but do no damage.
You bite the orc wizard.
The orc wizard is moderately wounded.
The orc wizard hits you with a dagger.
You die...

##################
....>.....)......#
################.#
#######.. #.#
........# #.#
#######.. #.# #
#.# #.# #@# #o#
#o# #o# #S# #.#
#.# ..# ###


You could see an orc wizard, 2 orcs and a ball python.

Vanquished Creatures
  Terence (D:2)
  6 adders
  2 worms
  3 orcs (D:3)
  10 bats
  7 hobgoblins
  4 jackals (D:1)
  A ball python (D:2)
  4 giant newts
  3 goblins
  5 kobolds
  A rat (D:1)
47 creatures vanquished.

Notes
Turn   | Place    | Note
--------------------------------------------------------------
     0 | D:1      | monobi, the Felid Monk, began the quest for the Orb.
     0 | D:1      | Reached XP level 1. HP: 10/10 MP: 2/2
   185 | D:1      | Reached XP level 2. HP: 5/14 MP: 3/3
   742 | D:2      | Found a glowing silver altar of Zin.
   796 | D:2      | Reached XP level 3. HP: 14/17 MP: 5/5
   814 | D:2      | Noticed Terence
   825 | D:2      | Killed Terence
  1312 | D:2      | Found a basalt altar of Yredelemnul.
  1320 | D:2      | Reached XP level 4. HP: 19/21 MP: 7/7
  1520 | D:3      | Found a sparkling altar of Nemelex Xobeh.
  1693 | D:3      | Noticed Grinder
  1717 | D:3      | Killed from afar by Grinder
  1718 | D:3      | Reached XP level 3. HP: -1/17 MP: 5/5
  1800 | D:3      | Reached skill level 5 in Dodging
  1853 | D:3      | Reached XP level 4. HP: 11/21 MP: 7/7
  1856 | D:3      | Slain by an orc wizard

Action                   |  1- 3 |  4- 6 || total
-------------------------+-------+-------++-------
Melee: Unarmed           |   112 |    40 ||   152
  Use: Potion            |     1 |     3 ||     4
       Scroll            |       |     5 ||     5
 Stab: Sleeping          |     7 |     1 ||     8
